 Dungeon Crawl Stone Soup version 0.30.0-10-gfe55d96785 (webtiles) character file.

Game seed: 5190662543643121760

6401 PoweredByGinger the Severer (level 10, -1/96 HPs)
             Began as a Minotaur Gladiator on May 14, 2023.
             Was an Elder of Okawaru.
             Slain by a sixfirhy (9 damage)
             ... on level 8 of the Dungeon.
             The game lasted 00:12:46 (11191 turns).

PoweredByGinger the Severer (Minotaur Gladiator)   Turns: 11191, Time: 00:12:47

Health: -1/96      AC: 10    Str: 22    XL:     10   Next: 66%
Magic:  9/9        EV:  7    Int:  5    God:    Okawaru [****..]
Gold:   453        SH:  0    Dex: 13    Spells: 9/9 levels left

rFire   + . .        a - +0 war axe
rCold   + . .        (no shield)
rNeg    . . .        h - +0 plate armour
rPois   .            c - +0 hat
rElec   .            z - scarf {rC+ rF+}
rCorr   .            (no gloves)
SInv    .            (no boots)
Will    .....        f - amulet of magic regeneration Stlth
                     (no ring)
HPRegen 0.36/turn    (no ring)
MPRegen 0.51/turn

%: no passive effects
@: mighty
A: horns 2, retaliatory headbutt
a: Renounce Religion, Heroism, Finesse


You were on level 8 of the Dungeon.
You worshipped Okawaru.
Okawaru was greatly pleased with you.
You visited 2 branches of the dungeon, and saw 10 of its levels.

You collected 543 gold pieces.
You spent 90 gold pieces at shops.

Inventory:

Hand Weapons
 a - a +0 war axe (weapon)
 D - a +1 whip of freezing
Missiles
 g - 107 stones (quivered)
 F - 2 throwing nets
 K - 3 poisoned darts
Armour
 c - a +0 hat (worn)
 h - a +0 plate armour (worn)
 z - a scarf of resistance (worn)
Jewellery
 f - an amulet of magic regeneration (around neck)
 x - a +5 ring of evasion
 E - a ring of magical power
Wands
 I - a wand of flame (6)
 J - a wand of polymorph (7)
Scrolls
 b - a scroll of fog {unknown}
 d - a scroll of teleportation {unknown}
 j - a scroll of enchant armour {unknown}
 k - 3 scrolls of blinking
 l - 4 scrolls of immolation
 r - 2 scrolls of silence
 t - a scroll of vulnerability
 v - a scroll of amnesia
 y - a scroll of brand weapon {unknown}
 A - 3 scrolls of noise
 G - a scroll of fear {unknown}
Potions
 e - a potion of cancellation {unknown}
 i - a potion of might
 m - 2 potions of curing
 o - a potion of mutation {unknown}
 p - 2 potions of haste {unknown}
 q - 2 potions of magic {unknown}
 s - a potion of lignification {unknown}
 u - 2 potions of invisibility {unknown}
 w - a potion of ambrosia {unknown}
 B - 3 potions of brilliance
 C - 2 potions of attraction {unknown}
 H - 3 potions of flight {unknown}


   Skills:
 + Level 11.4 Fighting
 * Level 15.9 Axes
 - Level 2.0 Throwing
 - Level 3.2 Dodging


You had 9 spell levels left.
You didn't know any spells.
Your spell library contained the following spells:

 Spells                   Type           Power      Damage    Failure   Level
 Ensorcelled Hibernation  Hex/Ice        0%         N/A       100%        2
 Passwall                 Tmut/Erth      0%         N/A       100%        2
 Swiftness                Air            0%         N/A       100%        3
 Cause Fear               Hex            0%         N/A       100%        4
 Dragon Form              Tmut           0%         N/A       100%        7
 Dragon's Call            Summ           Unusable   N/A       N/A         9

Dungeon Overview and Level Annotations

Branches:
Dungeon (9/15)             Temple (1/1) D:6
   Lair: D:8-11         Orc: D:9-12

Altars:
Ashenzari
Cheibriados
Dithmenos
Elyvilon
Gozag
Hepliaklqana
Kikubaaqudgha
Makhleb
Nemelex Xobeh
Okawaru
Qazlal
Ru
Trog
Vehumet
Wu Jian
Xom
Yredelemnul
Zin

Shops:
D:4 :


Innate Abilities, Weirdness & Mutations

You have a pair of horns on your head.
You reflexively headbutt those who attack you in melee.


Message History

There is a stone staircase leading down here.
You climb downwards.
The chaos spawn growls angrily.
You hear a screech!
You hear a chilling moan.
There is a stone staircase leading up here.
Unknown command.
A rust devil comes into view.
A quasit comes into view.
A rust devil comes into view.
The sixfirhy hits you! The sixfirhy shocks you!
The sixfirhy completely misses you. The sixfirhy hits you.
The sixfirhy shocks you! The sixfirhy barely misses you. The sixfirhy hits you.
The sixfirhy shocks you!
You climb upwards.
There is a stone staircase leading down here.
Unknown command.
You miss the sixfirhy.
You headbutt the sixfirhy, but do no damage.
You hit the sixfirhy. Your headbutt misses the sixfirhy.
The sixfirhy is lightly wounded.
You hit the sixfirhy. Your headbutt misses the sixfirhy.
The sixfirhy is lightly wounded.
You barely miss the sixfirhy.
The sixfirhy is lightly wounded.
The sixfirhy hits you! The sixfirhy shocks you! The sixfirhy hits you!
* * * LOW HITPOINT WARNING * * *
The sixfirhy shocks you!
* * * LOW HITPOINT WARNING * * *
Blink to where?
Press: ? - help, Dir - move target
As you read the scroll of blinking, it crumbles to dust.
As you read the scroll labelled SAPNYRPHAE, it crumbles to dust.
Your body is wracked with pain!
* * * LOW HITPOINT WARNING * * *
It was a scroll of torment.
You feel better.
It was a potion of might.
You feel very mighty all of a sudden. The sixfirhy hits you!
* * * LOW HITPOINT WARNING * * *
The sixfirhy shocks you!
You die...

##........##
#........>.# #########
#..........# #........
#..........# #........
#..........# #....>...
#..........# #........
##........#########...
##..3.)....## ##..
###@##.##..## #..
#.##......## ##.
####.###.#.#..# #.
#....###.#....# ##
#...).##.###..##### #
#...#..#.# ##.....###
##.......####..##...#
#.##..รท..#.........#
#.####.#...........#


You could see a sixfirhy.

Vanquished Creatures
  Pikel (D:3)
  Joseph (D:7)
  A troll (D:8)
  A hornet (D:7)
  Grinder (D:6)
  Prince Ribbit (D:6)
  A wyvern (D:7)
  3 yaks (D:9)
  A steam dragon (D:7)
  Menkaure (D:5)
  Edmund (D:6)
  Duvessa (D:6)
  2 sky beasts
  An orc warrior (D:7)
  4 ice beasts
  A black bear (D:6)
  4 centaurs
  2 ogres (D:5)
  2 phantoms (D:6)
  3 kobold brigands
  6 scorpions
  4 bullfrogs
  Dowan (D:6)
  14 killer bees
  3 howler monkeys
  A quasit (D:9)
  2 hounds
  2 jellies
  4 orc priests
  A sleepcap (D:6)
  6 iguanas
  3 orc wizards
  A mummy (D:8)
  11 adders
  3 gnolls (D:3)
  2 shadow imps
  A white imp (D:8)
  4 worms
  3 dart slugs
  17 orcs
  7 bats
  8 endoplasms
  4 giant cockroaches
  3 goblins
  9 hobgoblins
  6 jackals
  27 kobolds
  2 quokkas
  4 ball pythons
  6 frilled lizards
  5 rats
203 creatures vanquished.

Notes
Turn   | Place    | Note
-------+----------+-------------------------------------------
     0 | D:1      | PoweredByGinger the Minotaur Gladiator began the quest for
                  | the Orb.
     0 | D:1      | Reached XP level 1. HP: 18/18 MP: 0/0
    95 | D:1      | Reached skill level 4 in Axes
   100 | D:1      | Reached XP level 2. HP: 14/25 MP: 1/1
   974 | D:2      | Reached XP level 3. HP: 31/31 MP: 2/2
  1248 | D:2      | Found a shimmering altar of Xom.
  1333 | D:2      | Reached skill level 5 in Axes
  1345 | D:2      | Reached XP level 4. HP: 35/38 MP: 3/3
  1879 | D:3      | Reached skill level 6 in Axes
  1918 | D:3      | Reached XP level 5. HP: 46/46 MP: 4/4
  2527 | D:4      | Noticed Pikel
  2527 | D:4      | Noticed a lemure
  2527 | D:4      | Noticed a lemure
  2528 | D:4      | Noticed a lemure
  2539 | D:4      | Noticed a lemure
  2560 | D:3      | Killed Pikel
  2561 | D:3      | Reached skill level 8 in Axes
  2561 | D:3      | Reached XP level 6. HP: 8/57 MP: 5/5
  2561 | D:3      | Reached XP level 7. HP: 9/63 MP: 6/6
  2947 | D:4      | You fall into a shaft and drop 3 floors!
  2966 | D:7      | Noticed a steam dragon
  2971 | D:7      | Reached skill level 9 in Axes
  2986 | D:7      | Killed a steam dragon
  3203 | D:7      | Reached XP level 8. HP: 71/71 MP: 7/7
  3241 | D:7      | Reached skill level 10 in Axes
  3619 | D:7      | Reached skill level 11 in Axes
  3689 | D:6      | Found a staircase to the Ecumenical Temple.
  3712 | Temple   | Entered the Ecumenical Temple
  3756 | Temple   | Became a worshipper of Warmaster Okawaru
  3850 | D:6      | Noticed Edmund
  3864 | D:6      | Killed Edmund
  4283 | D:5      | Entered Level 5 of the Dungeon
  4322 | D:5      | Found a glowing silver altar of Zin.
  4322 | D:5      | Found Zin's Purification Station.
  4330 | D:5      | Bought a potion of curing for 90 gold pieces
  4405 | D:4      | Found Puonyg's Tiny Tomes.
  4930 | D:5      | Noticed Menkaure
  4941 | D:5      | Killed Menkaure
  4942 | D:5      | Reached skill level 12 in Axes
  4942 | D:5      | Reached XP level 9. HP: 50/82 MP: 8/8
  5534 | D:5      | Reached * piety under Okawaru
  6377 | D:6      | Noticed Prince Ribbit
  6385 | D:6      | Killed Prince Ribbit
  6386 | D:6      | Reached skill level 13 in Axes
  6386 | D:6      | Noticed Grinder
  6509 | D:6      | Paralysed by Grinder for 2 turns
  6513 | D:6      | Killed Grinder
  6718 | D:6      | Reached ** piety under Okawaru
  6879 | D:6      | Noticed Duvessa
  6881 | D:6      | Noticed Dowan
  7294 | D:6      | Killed Dowan
  7295 | D:6      | Reached skill level 10 in Fighting
  7368 | D:6      | Killed Duvessa
  7369 | D:6      | Reached skill level 14 in Axes
  7864 | D:7      | Noticed Joseph
  8107 | D:6      | Reached XP level 10. HP: 93/93 MP: 9/9
  8678 | D:7      | Killed Joseph
  9353 | D:7      | Reached *** piety under Okawaru
  9656 | D:7      | Reached skill level 15 in Axes
 10676 | D:9      | Noticed an orange demon
 11081 | D:9      | Noticed a gargoyle
 11085 | D:8      | Reached **** piety under Okawaru
 11178 | D:9      | Noticed a sixfirhy
 11179 | D:9      | Noticed a rust devil
 11180 | D:9      | Noticed a rust devil
 11191 | D:8      | Slain by a sixfirhy

Illustrated notes

Levels and vault maps discovered:
D:1:      dpeg_arrival_radiant, layout_basic, minmay_misc_feat_rugged
D:2:      layout_basic, basic_altar, minmay_octomino_c4
D:3:      layout_basic
D:4:      layout_loops_corners, nicolae_shop_i_like_small_books_too, uniq_pikel
D:5:      layout_basic, zin_purify, uniq_menkaure
D:6:      layout_loops_ring, minmay_temple_entry_antechambers, serial_glass,
          glass_columns_c, glass_columns_c, uniq_edmund, uniq_duvessa,
          uniq_prince_ribbit1, uniq_grinder
D:7:      minmay_inner_zag, layout_loops_corners, uniq_joseph
D:8:      layout_rooms, gup_ossuary_entry_pyramid, kennysheep_generic_room_11
D:9:      layout_gridville, dancing_weapons_uskayaw, minmay_lair_entry_grove,
          serial_demonic, serial_demonic_f, serial_demonic_f, serial_demonic_d,
          serial_demonic_d
Temple:   sentei_temple_godly_chess

Skill      XL: |  1  2  3  4  5  6  7  8  9 10 |
---------------+-------------------------------+-----
Axes           | 4 5 6 8 9 12 14 15 | 15.9
Fighting       | 3 4 6 8 10 11 | 11.4
Throwing       | |  2.0
Dodging        | |  3.2

Action                     |  1- 3 |  4- 6 |  7- 9 | 10-12 || total
---------------------------+-------+-------+-------+-------++-------
  Melee: War axe           |    60 |   103 |   275 |   151 ||   589
         Headbutt          |     6 |    17 |    55 |    30 ||   108
         Punch             |       |     1 |     1 |     1 ||     3
  Throw: Throwing net      |       |     3 |     4 |       ||     7
         Javelin           |       |       |     2 |       ||     2
  Evoke: Wand              |       |       |     9 |     1 ||    10
    Use: Potion            |       |       |     5 |     3 ||     8
         Scroll            |       |       |     8 |     4 ||    12
   Stab: Held in net/web   |       |       |     1 |       ||     1
 Armour: Plate armour      |    40 |    48 |   147 |    73 ||   308
  Dodge: Dodged            |    26 |    19 |    82 |    66 ||   193
